 Dungeon Crawl Stone Soup version 0.31-a0-949-g57150269e1 (webtiles) character file.

Game seed: 9567479028220081412

22 CowFu the Shield-Bearer (level 2, -11/29 HPs)
             Began as a Gnoll Fighter on Oct 22, 2023.
             Mangled by an ogre
             ... wielding a +0 giant club
              (19 damage)
             ... on level 1 of the Dungeon.
             The game lasted 00:00:38 (765 turns).

CowFu the Shield-Bearer (Gnoll Fighter)              Turns: 765, Time: 00:00:38

Health: -11/29     AC:  7    Str: 15    XL:     2   Next: 91%
Magic:  2/2        EV:  9    Int:  7    God:
Gold:   87         SH:  5    Dex: 11    Spells: 2/2 levels left

rFire   . . .        a - +0 long sword
rCold   . . .        c - +0 buckler
rNeg    . . .        b - +0 scale mail
rPois   .            (no helmet)
rElec   .            (no cloak)
rCorr   .            (no gloves)
SInv    .            (no boots)
Will    .....        (no amulet) Stlth
                     (no ring)
HPRegen 0.24/turn    (no ring)
MPRegen 0.08/turn

%: no passive effects
@: no status effects
A: fangs 1, strong nose, distributed training
a: no special abilities


You were on level 1 of the Dungeon.
You visited 1 branch of the dungeon, and saw 2 of its levels.

You collected 87 gold pieces.

Inventory:

Hand Weapons
 a - a +0 long sword (weapon)
Armour
 b - a +0 scale mail (worn)
 c - a +0 buckler (worn)
Scrolls
 e - a scroll of enchant armour {unknown}
 g - a scroll of identify {unknown}
 h - a scroll of poison {unknown}
Potions
 d - 2 potions of might
 f - a potion of haste {unknown}


   Skills:
 + Level 6.5 Fighting
 + Level 0.5 Short Blades
 + Level 4.5 Long Blades
 + Level 0.5 Axes
 + Level 0.5 Maces & Flails
 + Level 0.5 Polearms
 + Level 0.5 Staves
 + Level 0.5 Ranged Weapons
 + Level 0.5 Throwing
 + Level 6.5 Armour
 + Level 0.5 Dodging
 + Level 0.5 Stealth
 + Level 6.5 Shields
 + Level 0.5 Unarmed Combat
 + Level 0.5 Spellcasting
 + Level 0.4 Conjurations
 + Level 0.4 Hexes
 + Level 0.4 Summonings
 + Level 0.4 Necromancy
 + Level 0.4 Translocations
 + Level 0.4 Transmutations
 + Level 0.4 Fire Magic
 + Level 0.4 Ice Magic
 + Level 0.4 Air Magic
 + Level 0.4 Earth Magic
 + Level 0.4 Poison Magic
 + Level 0.7 Invocations
 + Level 0.5 Evocations
 + Level 0.5 Shapeshifting


You had 2 spell levels left.
You didn't know any spells.
Your spell library contained the following spells:

 Spells                   Type           Power      Damage    Failure   Level
 Kiss of Death            Conj/Necr      0%         2d5       86%         1
 Confusing Touch          Hex            0%         N/A       99%         3
 Dispel Undead            Necr           0%         3d6       100%        4


Dungeon Overview and Level Annotations

Branches:
Dungeon (2/15)

Altars:


Innate Abilities, Weirdness & Mutations

You have very sharp teeth.
Your uncanny sense of smell can sniff out nearby items.
Your experience applies equally to all skills.


Message History

No target in view!
There is a stone staircase leading down here.
You climb downwards.
The ogre shouts!
The adder hisses angrily.
There is a stone staircase leading up here.
There are monsters nearby!
A hobgoblin and a giant cockroach come into view.
Found a leather armour.
The hobgoblin shouts!
The bat barely misses you. The bat misses you.
There are monsters nearby!
You closely miss the bat. You bite the bat.
The bat is moderately wounded.
The bat barely misses you.
There are monsters nearby!
You hit the bat.
You kill the bat!
The adder barely misses you. The adder bites you but does no damage.
There is a stone staircase leading up here.
You block the adder's attack. The ogre closely misses you.
You climb upwards.
There is a stone staircase leading down here.
You hit the ogre.
The ogre is lightly wounded.
The adder closely misses you. The adder bites you. You block the ogre's attack.
You completely miss the adder. Your bite misses the adder.
The adder bites you but does no damage. x2
You hit the adder.
The adder is heavily wounded.
The ogre hits you with a +0 giant club!!
Ouch! That really hurt!
* * * LOW HITPOINT WARNING * * *
The adder closely misses you.
You hit the adder. Your bite misses the adder.
The adder is severely wounded.
You block the adder's attack.
The ogre hits you with a +0 giant club!!
Ouch! That really hurt!
You die...

.........#.......#..#..##.#
##...............#........#
#......................###
#.........##.#.......#.#
###..........#.#######.#
##....#.####.........#
#......####..#...#..#
#..........S.....#..#
#.####.##.##@#......#
#.####.##.##O#####.########
#......##.##............#.### ###
#########.########.........#. ..#
#....[## #........... #.#
#...#..####.......†... #.#
#..##..##............. #.#
#.##...##.#......)....
##############....##.#.[....#.##.


You could see an ogre and an adder.

Vanquished Creatures
  A dart slug (D:1)
  A giant cockroach (D:1)
  4 goblins (D:1)
  3 hobgoblins (D:1)
  2 ball pythons (D:1)
  3 bats
  A kobold (D:1)
  4 rats (D:1)
19 creatures vanquished.

Notes
Turn   | Place    | Note
-------+----------+-------------------------------------------
     0 | D:1      | CowFu the Gnoll Fighter began the quest for the Orb.
     0 | D:1      | Reached XP level 1. HP: 23/23 MP: 1/1
   126 | D:1      | Reached XP level 2. HP: 28/29 MP: 2/2
   755 | D:2      | Noticed an ogre
   765 | D:1      | Mangled by an ogre

Illustrated notes

Levels and vault maps discovered:
D:1:      scummos_arrival_checkerplants, layout_loops_cross,
          hangedman_glass_teeth, nrook_loot_triangle
D:2:      layout_basic, serial_glass, glass_columns_b, glass_columns_a,
          minmay_ruptured

Action                     || total
---------------------------++-------
  Melee: Long sword        ||    54
         Bite              ||     7
 Armour: Scale mail        ||    39
  Dodge: Dodged            ||    22
  Block: Buckler           ||    15

Table legend: (Time is in decaauts)
 A = Elapsed time spent in this place.
 B = Non-inter-level travel time spent in this place.
 C = Inter-level travel time spent in this place.
 D = Time resting spent in this place.
 E = Time spent auto-exploring this place.
 F = Levels seen in this place.
 G = Mean time per level.
                   A        B        C        D        E       F      G
               +--------+--------+--------+--------+--------+-----+--------+
         Total |    777 |    730 |     47 |      0 |    597 |   2 |  388.5 |
       Dungeon |    777 |    730 |     47 |      0 |    597 |   2 |  388.5 |
               +--------+--------+--------+--------+--------+-----+--------+

Top non-repeatable levels by time:
     D:1: 770 daAuts
     D:2: 6 daAuts
